 Dungeon Crawl Stone Soup version 0.30.0-29-ga12c61a403 (webtiles) character file.

Game seed: 11395538009507331475

64744 RKaid the Blocker (level 15, -5/106 HPs)
             Began as an Octopode Air Elementalist on May 16, 2023.
             Was an Initiate of Gozag.
             Slain by a shadow (28 damage)
             ... on level 12 of the Dungeon on June 6, 2023.
             The game lasted 02:13:59 (37009 turns).

RKaid the Blocker (Octopode Air Elementalist)      Turns: 37009, Time: 02:13:59

Health: -5/106     AC:  2    Str:  9    XL:     15   Next: 14%
Magic:  9/47       EV: 21    Int: 22    God:    Gozag
Gold:   2902       SH: 19    Dex: 14    Spells: 26/34 levels left

rFire   + + +        b - staff of air {rElec}
rCold   + + .        d - +2 shield of Resistance {rF++ rC++ Will++}
rNeg    . . .        L - +1 hat
rPois   .            k - amulet of reflection
rElec   +            o - +5 ring of evasion
rCorr   .            B - ring of protection from cold {rC+}
SInv    .            H - ring of willpower
Will    ++++.        e - ring of fire {rF+, rC-}
Stlth   +++          w - ring "Olumuib" {rElec MP+9}
HPRegen 0.37/turn    m - ring of magical power {MP+9}
MPRegen 0.30/turn    (no ring)
                     (no ring)

%: reflection
@: no status effects
A: almost no armour, amphibious, 8 rings, camouflage 1, gelatinous body 1,
(nimble swimmer 1), tentacles
a: Renounce Religion, Potion Petition, Call Merchant, Bribe Branch


You were on level 12 of the Dungeon.
You worshipped Gozag.
Gozag was most pleased with you.
You visited 4 branches of the dungeon, and saw 20 of its levels.

You collected 4959 gold pieces.
You spent 970 gold pieces at shops.
You paid 1087 gold pieces to Gozag.

Inventory:

Hand Weapons
 a - the +1 rapier of Breach {spect, rPois rN+ Dex+4}
   (You found it on level 4 of the Lair of Beasts)

   Dex:       It affects your dexterity (+4).
   rPois:     It protects you from poison.
   rN:        It protects you from negative energy.
 l - a +5 hand axe
   (You took it off a wight on level 6 of the Dungeon)
 Q - a +0 hand axe of electrocution
   (You took it off an orc on level 10 of the Dungeon)
Missiles
 x - 4 throwing nets {=f}
Armour
 d - the +2 shield of Resistance (worn) {rF++ rC++ Will++}
   (You acquired it on level 3 of the Lair of Beasts)

   rF:        It greatly protects you from fire.
   rC:        It greatly protects you from cold.
   Will:      It greatly increases your willpower.
 L - a +1 hat (worn)
   (You bought it in a shop on level 9 of the Dungeon)
Magical Staves
 b - a staff of air (weapon) {rElec}
   (You found it on level 4 of the Lair of Beasts)
 n - a staff of earth
   (You found it on level 3 of the Dungeon)
Jewellery
 e - a ring of fire (on tentacle) {rF+, rC-}
   (You found it on level 2 of the Dungeon)
 k - an amulet of reflection (around mantle)
   (You found it on level 1 of the Dungeon)
 m - a ring of magical power (on tentacle) {MP+9}
   (You found it on level 5 of the Lair of Beasts)
 o - a +5 ring of evasion (left tentacle)
   (You found it on level 4 of the Dungeon)
 w - the ring "Olumuib" (on tentacle) {rElec MP+9}
   (You bought it in a shop on level 10 of the Dungeon)

   [ring of magical power]

   rElec:     It insulates you from electricity.
   MP:        It affects your magic capacity (+9).
 B - a ring of protection from cold (right tentacle) {rC+}
   (You found it on level 7 of the Dungeon)
 H - a ring of willpower (on tentacle)
   (You bought it in a shop on level 9 of the Dungeon)
Wands
 j - a wand of polymorph (12)
   (You found it on level 3 of the Lair of Beasts)
 p - a wand of roots (2)
   (You found it on level 5 of the Lair of Beasts)
 s - a wand of charming (2)
   (You took it off a boggart on level 3 of the Lair of Beasts)
 D - a wand of digging (3)
   (You found it on level 12 of the Dungeon)
 E - a wand of mindburst (10)
   (You found it on level 8 of the Dungeon)
 J - a wand of flame (17)
   (You found it on level 9 of the Dungeon)
Scrolls
 g - 2 scrolls of poison {!r}
 i - a scroll of identify
 q - a scroll of magic mapping {!r}
 t - 5 scrolls of teleportation
 u - 5 scrolls of fog
 A - a scroll of brand weapon
 F - 5 scrolls of amnesia
 K - 3 scrolls of enchant armour
 M - a scroll of fear
 R - 2 scrolls of immolation {!r}
Potions
 c - 3 potions of curing
 f - 3 potions of cancellation
 h - 2 potions of heal wounds
 r - a potion of invisibility
 v - 8 potions of haste
 y - 3 potions of flight
 z - a potion of magic
 C - 2 potions of attraction {!q}
 G - a potion of resistance
 I - a potion of might
 O - 2 potions of lignification {!q}
 T - 3 potions of brilliance
 U - 2 potions of ambrosia


   Skills:
 - Level 11.1 Fighting
 + Level 10.8 Dodging
 - Level 2.6 Stealth
 + Level 12.3 Shields
 - Level 10.4 Spellcasting
 + Level 7.2 Conjurations
 - Level 5.0 Translocations
 + Level 1.4 Transmutations
 - Level 12.0 Air Magic


You had 26 spell levels left.
You knew the following spells:

 Your Spells              Type           Power      Damage    Failure   Level
a - Shock                 Conj/Air       100%       1d9       1%          1
c - Airstrike             Air            38%        2d(6-22)  1%          4
A - Apportation           Tloc           66%        N/A       1%          1
B - Blink                 Tloc           66%        N/A       3%          2

Your spell library contained the following spells:

 Spells                   Type           Power      Damage    Failure   Level
 Magic Dart               Conj           100%       1d8       1%          1
 Momentum Strike          Conj/Tloc      76%        3d10      1%          2
 Searing Ray              Conj           86%        2d7       1%          2
 Static Discharge         Conj/Air       100%       2-7/arc   1%          2
 Swiftness                Air            77%        N/A       1%          3
 Kiss of Death            Conj/Necr      100%       2d13      3%          1
 Lesser Beckoning         Tloc           66%        N/A       3%          2
 Dazzling Flash           Conj/Hex       54%        N/A       11%         3
 Slow                     Hex            44%        N/A       16%         1
 Portal Projectile        Hex/Tloc       44%        N/A       17%         3
 Manifold Assault         Tloc           33%        N/A       21%         4
 Fulminant Prism          Conj/Hex       13%        3d8       34%         4
 Silence                  Hex/Air        27%        N/A       36%         5
 Call Canine Familiar     Summ           11%        N/A       43%         3
 Confusing Touch          Hex            11%        N/A       43%         3
 Frozen Ramparts          Ice            22%        1d4       43%         3
 Tukima's Dance           Hex            11%        N/A       43%         3
 Vampiric Draining        Necr           11%        2d6       43%         3
 Conjure Ball Lightning   Conj/Air       34%        3x3d11    43%         6
 Ice Form                 Ice/Tmut       14%        N/A       75%         4
 Dispel Undead            Necr           11%        3d9       83%         4
 Leda's Liquefaction      Hex/Erth       5%         N/A       83%         4
 Summon Ice Beast         Ice/Summ       11%        N/A       83%         4
 Blade Hands              Tmut           8%         N/A       94%         5
 Alistair's Intoxication  Tmut/Pois      9%         N/A       97%         5
 Agony                    Necr           11%        N/A       99%         5
 Storm Form               Tmut/Air       28%        N/A       100%        7
 Discord                  Hex            5%         N/A       100%        8
 Disjunction              Tloc           16%        N/A       100%        8


Dungeon Overview and Level Annotations

Branches:
Dungeon (13/15)            Temple (1/1) D:7            Lair (5/5) D:10
 Shoals (0/4) Lair:3        Snake (0/4) Lair:3        Slime (0/5) Lair:5
    Orc (1/2) D:10
 Vaults: D:13-14

Altars:
Ashenzari
Cheibriados
Dithmenos
Elyvilon
Fedhas
Gozag
Hepliaklqana
Kikubaaqudgha
Makhleb
Nemelex Xobeh
Okawaru
Qazlal
Ru
Sif Muna
Trog
Uskayaw
Vehumet
Wu Jian
Xom
Yredelemnul
Zin
The Shining One
Jiyva

Shops:
D:1 [   D:5 *   D:8 *   D:9 (*:[   D:10 =   D:12 =

Annotations:
D:9 3 runed translucent doors, engelados's ghost, novice OpCj
Lair:5 3 runed translucent doors, puimuR's ghost, journeyman MeFi
Orc:1 exclusion: upstairs, Jorgrun


Innate Abilities, Weirdness & Mutations

You cannot wear most types of armour.
You are amphibious.
You can wear up to eight rings at the same time.
Your skin changes colour to match your surroundings (Stealth+).
Your rubbery body absorbs attacks. (AC +1, EV +1)
((You are camouflaged when in or above water. (Stealth+)))
You have tentacles for arms and can constrict up to eight enemies at once.


Message History

You feel a surge of power!
The air twists around and strikes the ettin.
The ettin misses you. The ettin closely misses you.
Casting: Airstrike (mildly dangerous; 1% risk of failure)
Confirm with . or Enter, or press ? or * to list all spells.
Aiming: Airstrike (mildly dangerous; 1% risk of failure)
Press: ? - help, Dir - move target, f/p - ettin
Aim: an ettin, wielding two +0 dire flails (severely wounded, empty space bonus: 0/8)
You feel a surge of power!
The air twists around and strikes the ettin but does no damage.
You block the ettin's attack. x2
Casting: Airstrike (mildly dangerous; 1% risk of failure)
Confirm with . or Enter, or press ? or * to list all spells.
Aiming: Airstrike (mildly dangerous; 1% risk of failure)
Press: ? - help, Dir - move target, f/p - ettin
Aim: an ettin, wielding two +0 dire flails (severely wounded, empty space bonus: 0/8)
You feel a surge of power!
The air twists around and strikes the ettin but does no damage.
You block the ettin's attack.
The ettin hits you with a +0 dire flail!!
Casting: Airstrike (mildly dangerous; 1% risk of failure)
Confirm with . or Enter, or press ? or * to list all spells.
Aiming: Airstrike (mildly dangerous; 1% risk of failure)
Press: ? - help, Dir - move target, f/p - ettin
Aim: an ettin, wielding two +0 dire flails (severely wounded, empty space bonus: 0/8)
You feel a surge of power!
The air twists around and strikes the ettin.
You block the ettin's attack.
The ettin hits you with a +0 dire flail!
Casting: Airstrike (mildly dangerous; 1% risk of failure)
Confirm with . or Enter, or press ? or * to list all spells.
Aiming: Airstrike (mildly dangerous; 1% risk of failure)
Press: ? - help, Dir - move target, f/p - ettin
Aim: an ettin, wielding two +0 dire flails (severely wounded, empty space bonus: 0/8)
You feel a surge of power!
The air twists around and strikes the ettin.
The ettin hits you with a +0 dire flail.
The ettin hits you with a +0 dire flail!!
Aiming: Charm
Press: ? - help, Shift-Dir - straight line, f/p - ettin
Aim: an ettin, wielding two +0 dire flails (almost dead, chance to affect: 31%)
Okay, then.
Casting: Airstrike (mildly dangerous; 1% risk of failure)
Confirm with . or Enter, or press ? or * to list all spells.
You blink.
Aiming: Fastroot
Press: ? - help, Shift-Dir - straight line, p - ettin The roots erupt in riotous growth!
Roots grab the ettin.
The grasping roots constrict the ettin.
You hear a roar!
The ettin struggles to escape constriction.
You feel stable enough to blink again.
The grasping roots constrict the ettin.
The roots release their grip on the ettin.
Aiming: Mindburst
Press: ? - help, Shift-Dir - straight line, f - ettin
Aim: an ettin, wielding two +0 dire flails (almost dead, chance to affect: 47%)
The ettin resists with some effort.
Aiming: Mindburst
Press: ? - help, Shift-Dir - straight line, f/p - ettin
Aim: an ettin, wielding two +0 dire flails (almost dead, chance to affect: 47%)
The ettin resists with some effort.
Aiming: Fastroot
Press: ? - help, Shift-Dir - straight line, f/p - ettin
Aim: an ettin, wielding two +0 dire flails (almost dead)
The roots erupt in riotous growth!
Roots grab the ettin.
The shadow is unaffected.
The grasping roots constrict the ettin.
The ettin escapes!
Aiming: Fastroot
Press: ? - help, Shift-Dir - straight line, f/p - ettin
Aim: an ettin, wielding two +0 dire flails (almost dead)
The roots erupt in riotous growth!
Roots grab the ettin.
The shadow is unaffected.
The grasping roots constrict the ettin, but do no damage.
The ettin struggles to escape constriction.
The grasping roots constrict the ettin!
You kill the ettin!
The shadow slips into darkness.
The shadow flickers and vanishes!
Deactivating autopickup; reactivate with Ctrl-A.
There is a stone staircase leading up, spattered with blood here.
The shadow strikes at you from the darkness!
* * * LOW HITPOINT WARNING * * *
Reactivating autopickup.
You climb upwards.
There is a stone staircase leading down here.
Casting: Blink (safe; 3% risk of failure)
Confirm with . or Enter, or press ? or * to list all spells.
You blink.
The shadow slips into darkness.
The shadow flickers and vanishes!
Deactivating autopickup; reactivate with Ctrl-A.
There is a stone staircase leading up here.
You feel stable enough to blink again.
The shadow strikes at you from the darkness!
You die...
Your body crumbles into a pile of gold.

##......##### #..... ##......(.##
##..### ##..........## ##..[#
#............## ####...##
..............## #....#.####
...)...........## #.####...).
................## ###.# ######
.................####...#########
.........>..[.^.@............"...
...................#.############
.....................#
.....^.............###
...................#
..................>#
...............#####
...............# #............#.#


There were no monsters in sight!

Vanquished Creatures
  Kirke (Lair:4)
  Nessos (Lair:3)
  An ettin (D:13)
  Snorg (Lair:5)
  Josephine (Lair:3)
  A catoblepas (D:9)
  3 hydras
  5 two-headed ogres
  11 death yaks
  2 boulder beetles
  Sonja (Lair:4)
  A skyshark (Lair:4)
  A deep elf pyromancer (D:9)
  2 ugly things
  A faun (shapeshifter) (D:13)
  A manticore (D:12)
  5 black mambas
  9 elephants
  2 slime creatures
  14 cane toads
  2 rime drakes
  11 komodo dragons
  3 trolls
  8 hornets
  7 polar bears
  12 blink frogs
  4 dream sheep
  A snapping turtle (Lair:3)
  4 shadows
  13 spriggans (Lair:5)
  A wyvern (D:8)
  A vampire (D:12)
  6 wraiths
  75 yaks
  Eustachio (D:5)
  A hog (Lair:3)
  2 basilisks (Lair:2)
  4 steam dragons
  2 acid dragons (D:12)
  24 water moccasins
  3 black bears
  2 orc warriors
  2 ice beasts
  33 wolves
  A sky beast (D:6)
  6 boggarts
  2 centaurs
  8 kobold brigands
  3 bullfrogs
  3 gnoll sergeants
  A scorpion (D:4)
  11 wights
  A killer bee (D:9)
  5 electric eels
  A howler monkey (D:9)
  2 orc priests
  10 hounds
  A gnoll bouda (D:6)
  A sleepcap (D:5)
  3 iguanas
  7 orc wizards
  A mummy (D:8)
  13 gnolls
  6 adders
  2 shadow imps
  3 white imps
  An ufetubus (D:5)
  A worm (D:3)
  5 dart slugs (D:4)
  21 orcs
  9 ball pythons
  6 endoplasms
  3 giant cockroaches
  9 goblins
  7 hobgoblins
  2 jackals (D:3)
  2 quokkas
  3 bats
  3 frilled lizards
  32 kobolds
  2 rats (D:1)
483 creatures vanquished.

Vanquished Creatures (others)
  2 humans (Lair:4)
  A water moccasin (Lair:4)
3 creatures vanquished.

Grand Total: 486 creatures vanquished

Notes
Turn   | Place    | Note
-------+----------+-------------------------------------------
     0 | D:1      | RKaid the Octopode Air Elementalist began the quest for the
                  | Orb.
     0 | D:1      | Reached XP level 1. HP: 11/11 MP: 3/3
   191 | D:1      | Reached XP level 2. HP: 18/18 MP: 1/5
   537 | D:1      | Found Zilois's Armour Shoppe.
   594 | D:1      | You fall into a shaft and drop 1 floor!
   961 | D:1      | Reached XP level 3. HP: 22/22 MP: 3/6
  1137 | D:2      | Found a faded altar of an unknown god.
  1754 | D:3      | Reached skill level 1 in Fighting
  2533 | D:3      | Reached XP level 4. HP: 28/28 MP: 4/7
  3033 | D:2      | HP: 7/28 [hound (2)]
  3035 | D:2      | Reached skill level 1 in Shields
  3035 | D:2      | Reached skill level 2 in Conjurations
  3035 | D:2      | Reached XP level 5. HP: 9/33 MP: 1/8
  3689 | D:4      | Reached skill level 2 in Fighting
  3689 | D:4      | Reached skill level 3 in Dodging
  3969 | D:4      | Reached skill level 3 in Spellcasting
  3969 | D:4      | Reached XP level 6. HP: 39/39 MP: 1/10
  4327 | D:4      | Noticed a sky beast
  4350 | D:4      | Learned a level 4 spell: Airstrike
  4353 | D:4      | Learned a level 2 spell: Blink
  4667 | D:5      | Entered Level 5 of the Dungeon
  4691 | D:5      | Reached skill level 2 in Shields
  4691 | D:5      | Reached skill level 4 in Air Magic
  4844 | D:5      | Noticed a water moccasin
  5026 | D:5      | Reached XP level 7. HP: 27/45 MP: 2/11
  5635 | D:5      | Reached skill level 3 in Conjurations
  5966 | D:5      | Reached skill level 3 in Fighting
  5991 | D:5      | Noticed Eustachio
  6125 | D:5      | Found Etoet's Lightly-Used Armoury.
  6299 | D:5      | Killed Eustachio
  6300 | D:5      | Reached skill level 5 in Air Magic
  6477 | D:6      | Reached skill level 3 in Shields
  6477 | D:6      | Reached XP level 8. HP: 52/52 MP: 13/13
  6884 | D:6      | HP: 1/53 [something (14)]
  6889 | D:6      | HP: 10/53 [something (5)]
  6889 | D:6      | HP: 3/53 [something (6)]
  6915 | D:6      | HP: 20/81 [bullfrog (2)]
  6917 | D:6      | Reached skill level 4 in Spellcasting
  7202 | D:6      | Reached skill level 6 in Air Magic
  7256 | D:6      | Reached skill level 4 in Fighting
  7257 | D:6      | Reached skill level 4 in Conjurations
  8053 | D:7      | Reached skill level 4 in Shields
  8068 | D:6      | Reached XP level 9. HP: 25/59 MP: 2/15
  8693 | D:7      | Reached skill level 7 in Air Magic
  8789 | D:7      | Reached skill level 5 in Fighting
  8970 | D:7      | Noticed a two-headed ogre
  9225 | D:7      | Reached skill level 5 in Spellcasting
  9312 | D:7      | Killed a two-headed ogre
  9313 | D:7      | Reached skill level 5 in Shields
  9454 | D:7      | Found a staircase to the Ecumenical Temple.
  9478 | Temple   | Entered the Ecumenical Temple
  9784 | Temple   | Upgraded the game from 0.30.0-10-gfe55d96785 to
                  | 0.30.0-12-gd5a94ecb5d
  9788 | Temple   | Became a worshipper of Gozag Ym Sagoz the Greedy
 10163 | D:7      | Noticed a kobold demonologist
 10235 | D:7      | Noticed a troll
 10236 | D:7      | Reached XP level 10. HP: 68/68 MP: 8/18
 10274 | D:6      | Reached skill level 6 in Fighting
 10274 | D:6      | Reached skill level 8 in Air Magic
 10345 | D:6      | Learned a level 1 spell: Apportation
 10521 | D:7      | Reached skill level 4 in Dodging
 10648 | D:6      | Reached skill level 6 in Shields
 10648 | D:6      | Reached skill level 6 in Spellcasting
 10648 | D:6      | Reached skill level 1 in Translocations
 11041 | D:8      | Found a snail-covered altar of Cheibriados.
 11116 | D:8      | Reached skill level 2 in Translocations
 11305 | D:8      | Reached skill level 3 in Translocations
 11987 | D:8      | Found Cuemop's Fire Supplies.
 12019 | D:8      | Reached skill level 4 in Translocations
 12360 | D:8      | Reached skill level 5 in Dodging
 12492 | D:8      | Found a burning altar of Makhleb.
 12927 | D:9      | Found Achas's Assorted Antiques.
 12936 | D:8      | Reached XP level 11. HP: 64/74 MP: 21/21
 13033 | D:9      | Reached skill level 7 in Fighting
 13119 | D:9      | Bought a marble ring for 155 gold pieces
 13140 | D:9      | Noticed a catoblepas
 13355 | D:9      | Noticed a deep elf pyromancer
 13362 | D:9      | Killed a deep elf pyromancer
 13363 | D:9      | Reached skill level 5 in Translocations
 13606 | D:9      | Reached skill level 7 in Spellcasting
 13720 | D:9      | Reached skill level 9 in Air Magic
 13845 | D:9      | Found Syusis's Book Emporium.
 13912 | D:9      | Killed a catoblepas
 14043 | D:9      | Found a basalt altar of Yredelemnul.
 14120 | D:9      | Noticed engelados's ghost (novice OpCj)
 14126 | D:9      | Found Ogasi's Antique Armour Emporium.
 14128 | D:9      | Noticed a cyclops
 14139 | D:9      | Bought a runed hat for 203 gold pieces
 14200 | D:9      | Found Biukh's Weapon Shop.
 14423 | D:9      | Found a runed translucent gate.
 14424 | D:9      | Found a runed translucent gate.
 14424 | D:9      | Found a runed translucent gate.
 14611 | D:9      | Reached skill level 6 in Dodging
 14853 | D:9      | Found an ancient bone altar of Kikubaaqudgha.
 14853 | D:9      | Found a white marble altar of Elyvilon.
 14930 | D:10     | Entered Level 10 of the Dungeon
 15222 | D:10     | Found a staircase to the Lair.
 15345 | D:10     | Found a staircase to the Orcish Mines.
 15382 | D:10     | Noticed a two-headed ogre
 15388 | D:10     | Killed a two-headed ogre
 15389 | D:10     | Reached skill level 8 in Fighting
 15933 | D:10     | Noticed a two-headed ogre
 15943 | D:10     | Killed a two-headed ogre
 16673 | D:10     | Reached skill level 7 in Dodging
 16673 | D:10     | Reached skill level 8 in Spellcasting
 16682 | D:10     | Reached XP level 12. HP: 52/84 MP: 5/24
 16910 | Lair:1   | Entered Level 1 of the Lair of Beasts
 16960 | D:10     | HP: 21/84 [wolf (10)]
 17189 | D:10     | Reached skill level 10 in Air Magic
 18177 | Lair:1   | Reached skill level 9 in Fighting
 19336 | Lair:2   | Reached skill level 8 in Dodging
 19835 | Lair:2   | Noticed a boulder beetle
 19851 | Lair:2   | Killed a boulder beetle
 20490 | Lair:3   | Identified a scroll of acquirement
 20491 | Lair:3   | Acquired the +2 shield of Resistance {rF++ rC++ Will++}
 20491 | Lair:3   | Found the +2 shield of Resistance {rF++ rC++ Will++}
 20529 | Lair:3   | Noticed Nessos
 20565 | Lair:3   | Noticed Josephine
 20602 | Lair:3   | Noticed a death yak
 20602 | Lair:3   | Noticed a death yak
 20800 | Lair:2   | Reached skill level 9 in Spellcasting
 20898 | Lair:2   | Upgraded the game from 0.30.0-12-gd5a94ecb5d to
                  | 0.30.0-15-g856e2d3f33
 21196 | D:11     | Noticed a three-headed hydra
 21269 | D:11     | Killed a three-headed hydra
 21444 | D:11     | Noticed a two-headed ogre
 21453 | D:11     | Killed a two-headed ogre
 21547 | D:11     | Reached skill level 7 in Shields
 21547 | D:11     | Reached skill level 11 in Air Magic
 21882 | D:11     | Reached XP level 13. HP: 71/92 MP: 17/26
 22432 | Orc:1    | Entered Level 1 of the Orcish Mines
 22432 | Orc:1    | Noticed Jorgrun
 22850 | Lair:3   | Reached skill level 10 in Fighting
 22850 | Lair:3   | Reached skill level 5 in Conjurations
 23043 | Lair:3   | Killed Josephine
 23158 | Lair:3   | Found a staircase to the Snake Pit.
 23177 | Lair:3   | Reached skill level 8 in Shields
 24987 | D:10     | Bought the ring "Olumuib" {rElec MP+9} for 612 gold pieces
 25302 | Lair:2   | HP: 19/92 [poisoned by Nessos]
 25307 | Lair:2   | HP: 13/92 [poisoned by Nessos]
 25313 | Lair:2   | HP: 10/92 [poisoned by Nessos]
 25682 | Lair:3   | RKaid: !describe Nessos
 25682 | Lair:3   | RKaid: !m nessos
 25682 | Lair:3   | RKaid: !help
 25682 | Lair:3   | beem: I'm a chat bot that sends commands to the DCSS IRC
                  | knowledge bots. Type !subscribe and I'll watch all your
                  | games; type !unsubscribe to make me go away. Use
                  | !sequellhelp for the original Sequell help command. Bots
                  | with a different name that act similarly are either for ban
                  | evasion or falsely advertising spam and are not the current
                  | beem bot.
 25688 | Lair:3   | Killed Nessos
 25842 | Lair:2   | Reached skill level 9 in Shields
 26034 | Lair:3   | Found a staircase to the Shoals.
 26041 | Lair:3   | Reached skill level 6 in Conjurations
 26400 | Lair:4   | Noticed Kirke
 26462 | Lair:4   | Noticed Sonja
 26465 | Lair:4   | Killed Sonja
 26610 | Lair:4   | Killed Kirke
 26611 | Lair:4   | Reached skill level 9 in Dodging
 26611 | Lair:4   | Reached skill level 10 in Spellcasting
 26940 | Lair:4   | You fall into a shaft and drop 1 floor!
 26940 | Lair:5   | Entered Level 5 of the Lair of Beasts
 27230 | Lair:4   | Upgraded the game from 0.30.0-15-g856e2d3f33 to
                  | 0.30.0-16-gbe6223bb7e
 27230 | Lair:4   | Upgraded the game from 0.30.0-16-gbe6223bb7e to
                  | 0.30.0-17-ge0270778cf
 27543 | Lair:4   | Identified the +1 rapier of Breach {spect, rPois rN+ Dex+4}
 27703 | Lair:3   | HP: 14/92 [death yak (13)]
 28133 | Lair:3   | Reached skill level 10 in Shields
 28133 | Lair:3   | Reached XP level 14. HP: 85/99 MP: 12/28
 28844 | Lair:4   | Reached skill level 7 in Conjurations
 30023 | Lair:5   | Found a viscous altar of Jiyva.
 30023 | Lair:5   | Found a staircase to the Slime Pits.
 30507 | Lair:5   | Noticed puimuR's ghost (journeyman MeFi)
 30945 | Lair:5   | Upgraded the game from 0.30.0-17-ge0270778cf to
                  | 0.30.0-19-g36f170ea60
 31116 | Lair:4   | Reached skill level 11 in Shields
 31646 | Lair:5   | Noticed Snorg
 31651 | Lair:5   | Killed Snorg
 31652 | Lair:5   | Reached skill level 10 in Dodging
 32073 | Lair:5   | Found a runed translucent gate.
 32073 | Lair:5   | Found a runed translucent gate.
 32073 | Lair:5   | Found a runed translucent gate.
 32789 | Lair:5   | Identified the +2 buckler of Lochunn {rN+}
 33439 | Lair:4   | Upgraded the game from 0.30.0-19-g36f170ea60 to
                  | 0.30.0-20-g3b4254fcbd
 34954 | Lair:5   | Reached skill level 12 in Shields
 35202 | Lair:5   | Reached skill level 11 in Fighting
 35502 | D:10     | Upgraded the game from 0.30.0-20-g3b4254fcbd to
                  | 0.30.0-29-ga12c61a403
 35643 | D:12     | Found Suabuwujo's Jewellery Boutique.
 35853 | D:12     | Reached XP level 15. HP: 106/106 MP: 29/29
 36266 | D:12     | Reached skill level 12 in Air Magic
 36880 | D:13     | Reached skill level 1 in Transmutations
 37004 | D:13     | HP: 21/106 [something (21)]
 37009 | D:12     | Slain by a shadow

Illustrated notes

Levels and vault maps discovered:
D:1:      dpeg_arrival_chambers_temple_mockup, layout_rooms, serial_shops, shop
D:2:      layout_basic, serial_corexii_hall, chequers_hall_statues_corner_a,
          chequers_hall_statues_wall_a, chequers_ecumenical_altar_simple
D:3:      layout_loops_ring, cheibrodos_gnoll_hut
D:4:      layout_loops_ring, minmay_pentomino_pile
D:5:      layout_basic, chequers_serial_rivers_micro_e, minmay_shop_damaged,
          uniq_eustachio
D:6:      layout_loops_ring
D:7:      layout_cave_pools, minmay_temple_entry_mist, minivault_23,
          lightli_corner_chamber
D:8:      layout_basic, slow_altar_1, makhleb_grotto_becter,
          minmay_misc_feat_four_crosses, serial_park_tiny_1,
          minmay_misc_feat_enclosed, chequers_serial_rivers_micro_c,
          nicolae_shop_fire_sale [nicolae_sub_dead_trees],
          kennysheep_generic_room_8
D:9:      layout_rooms, amcnicky_altar_gilded, gammafunk_temple_overflow_pools,
          serial_shops, shop, nicolae_shop_crystal, shop, shop_statue,
          gammafunk_ghost_split, serial_curves, eino_curves_04, eino_curves_03,
          grunt_decor_arrowhead, serial_park_tiny_2, hangedman_minor_gate_pass
D:10:     layout_irregular_city, erik_lair_island, orc_0_dummy,
          kennysheep_big_empty_room, minmay_misc_feat_tower
D:11:     layout_irregular_city, hangedman_ranch
D:12:     layout_basic, serial_shops, shop, st_stairs_6
D:13:     giant_chief_lemuel, layout_loops_corners, minivault_21, uniq_lodul
Temple:   minmay_temple_bridge_d
Lair:1:   layout_cave_pods, grunt_megastairs_1
Lair:2:   layout_long_grid
Lair:3:   layout_gridlike, minmay_shoals_entry_hut,
          minmay_snake_entry_six_corridors, nicolae_volcano_entry_s_turn,
          kilobyte_rumbling_trees, uniq_josephine, uniq_nessos
Lair:4:   layout_cave_pods, uniq_sonja, uniq_kirke
Lair:5:   minmay_lair_end_enchanted_forest, layout_regular_city, slime_entry_1,
          gammafunk_ghost_icy, serial_bayou_pond_c, uniq_snorg
Orc:1:    layout_diamond_mine, basic_altar, nicolae_alphabet_shops,
          nicolae_orc_bridge_out, trog_butcher_becter, uniq_fannar, uniq_jorgrun

Skill      XL: |  1  2  3  4  5  6  7  8  9 10 11 12 13 14 15 |
---------------+----------------------------------------------+-----
Fighting       | 1 2 3 4 5 6 8 9 10 11 | 11.1
Shields        | 1 2 3 4 5 6 7 10 12 | 12.3
Conjurations   | 2 3 4 6 7 |  7.2
Dodging        | 3 5 7 8 9 10 | 10.8
Spellcasting   | 3 4 5 6 8 9 10 | 10.4
Air Magic      | 4 5 6 7 8 9 11 12 | 12.0
Translocations | 4 5 |  5.0
Transmutations | 1 |  1.4
Stealth        | |  2.6

Action                     |  1- 3 |  4- 6 |  7- 9 | 10-12 | 13-15 || total
---------------------------+-------+-------+-------+-------+-------++-------
  Melee: Unarmed           |    10 |       |       |       |       ||    10
         Constrict         |     5 |     5 |    10 |    14 |    31 ||    65
         Tentacles         |     3 |     8 |    18 |    41 |    70 ||   140
         Trident           |     9 |     6 |       |       |       ||    15
         Dagger            |       |    16 |    77 |     8 |       ||   101
         Whip              |       |       |     5 |       |       ||     5
         Punch             |       |       |     3 |     2 |     7 ||    12
         Hand axe          |       |       |    10 |   115 |    57 ||   182
         Rapier            |       |       |       |       |   155 ||   155
         Staff             |       |       |       |       |    16 ||    16
   Cast: Shock             |    88 |   109 |   162 |   339 |   121 ||   819
         Airstrike         |       |       |    24 |   164 |   475 ||   663
         Blink             |       |       |       |     8 |    19 ||    27
         Apportation       |       |       |       |       |     2 ||     2
 Invoke: Potion Petition   |       |       |       |       |     1 ||     1
         Call Merchant     |       |       |       |       |     1 ||     1
  Evoke: Wand              |       |       |       |     8 |    14 ||    22
    Use: Scroll            |       |     5 |     6 |    15 |     7 ||    33
         Potion            |       |       |     3 |     3 |     4 ||    10
   Stab: Sleeping          |     1 |       |     1 |     1 |       ||     3
         Distracted        |       |       |       |       |     6 ||     6
 Armour: Skin              |     3 |     2 |    22 |    11 |    18 ||    56
  Dodge: Dodged            |     9 |    37 |    75 |   212 |   250 ||   583
  Block: Other             |     2 |       |       |       |       ||     2
         Buckler           |     6 |    35 |    56 |   135 |       ||   232
         Reflection        |       |     2 |     2 |     6 |     3 ||    13
         Kite shield       |       |       |       |    64 |   498 ||   562

Table legend: (Time is in decaauts)
 A = Elapsed time spent in this place.
 B = Non-inter-level travel time spent in this place.
 C = Inter-level travel time spent in this place.
 D = Time resting spent in this place.
 E = Time spent auto-exploring this place.
 F = Levels seen in this place.
 G = Mean time per level.
                   A        B        C        D        E       F      G
               +--------+--------+--------+--------+--------+-----+--------+
         Total |  37196 |  34694 |   2502 |  15945 |  10434 |  20 | 1859.8 |
       Dungeon |  20324 |  18919 |   1405 |   8045 |   6940 |  13 | 1563.4 |
        Temple |    381 |    239 |    142 |      0 |    208 |   1 |  381.0 |
          Lair |  16487 |  15533 |    954 |   7900 |   3286 |   5 | 3297.4 |
  Orcish Mines |      1 |      1 |      0 |      0 |      0 |   1 |    1.0 |
               +--------+--------+--------+--------+--------+-----+--------+

Top non-repeatable levels by time:
  Lair:5: 5065 daAuts
  Lair:3: 3905 daAuts
  Lair:2: 3178 daAuts
  Lair:4: 2884 daAuts
     D:6: 2824 daAuts
    D:10: 2721 daAuts
     D:8: 2130 daAuts
     D:9: 1966 daAuts
    D:11: 1692 daAuts
     D:5: 1604 daAuts
     D:3: 1525 daAuts
  Lair:1: 1453 daAuts
     D:4: 1434 daAuts
     D:7: 1387 daAuts
    D:12: 983 daAuts

Table legend:
 A = Kills in this place as a percentage of kills in the entire game.
 B = Kills by you in this place as a percentage of kills by you in the entire game.
 C = Kills by friends in this place as a percentage of kills by friends in the entire game.
 D = Other kills in this place as a percentage of other kills in the entire game.
 E = Experience gained in this place as a percentage of experience gained in the entire game.
 F = Experience gained in this place divided by the number of levels of this place that you have seen.
                   A       B       C       D       E      F
               +-------+-------+-------+-------+-------+----------------------
         Total | 100.0 | 100.0 |   N/A |   N/A | 100.0 | 4624.6
       Dungeon |  59.2 |  59.2 |   N/A |   N/A |  34.8 | 2475.4
          Lair |  40.8 |  40.8 |   N/A |   N/A |  65.2 | 12062.4
               +-------+-------+-------+-------+-------+----------------------
